 Dungeon Crawl Stone Soup version 0.28-a0-60-g54b5640690 (webtiles) character file.

Game seed: 3087293267083246335

21287 runemasterragnar the Destroyer (level 12, -2/109 HPs)
             Began as a Naga Fire Elementalist on July 30, 2021.
             Was an Elder of Vehumet.
             Hit by a large rock thrown by a cyclops (28 damage)
             ... on level 12 of the Dungeon.
             The game lasted 00:56:00 (16663 turns).

runemasterragnar the Destroyer (NaFE)              Turns: 16663, Time: 00:56:01

Health: -2/109     AC:  9    Str:  8    XL:     12   Next: 88%
Magic:  0/19       EV: 10    Int: 25    God:    Vehumet [****..]
Gold:   983        SH: 10    Dex: 13    Spells: 4/21 levels left

rFire   + + +      SeeInvis +   E - staff of fire
rCold   + . .      Faith    .   D - +1 kite shield {rN+}
rNeg    + + .      Spirit   .   o - +0 steam dragon scales
rPois   +          Reflect  .   J - +0 hat {SInv}
rElec   .          Harm     .   F - +0 cloak
rCorr   +          Rampage  .   u - +1 pair of gloves of Least Resistance {rF+ Regen+ Int+5}
Will    +++++      Clarity  +   (no barding)
Stlth   ++++......              y - amulet of the Four Winds {rN+ Will+++ Clar}
HPRegen 1.28/turn               s - ring of wizardry
MPRegen 0.16/turn               W - ring "Degy" {rF+ rC+ Will+ rCorr}

@: short of breath, very slow
A: AC +4, large, see invisible, deformed body, poison resistance, slowness 2,
spit poison 2, naga tail 1, sense surroundings 1, weak 1
a: Breathe Poison Gas, Renounce Religion


You were on level 12 of the Dungeon.
You worshipped Vehumet.
Vehumet was greatly pleased with you.
You visited 1 branch of the dungeon, and saw 12 of its levels.
You also visited: Bailey and Gauntlet.

You collected 983 gold pieces.

Inventory:

Hand Weapons
 r - a +3 rapier
Missiles
 C - 8 throwing nets
 Q - 3 silver boomerangs
 S - 7 javelins
Armour
 c - a scarf of shadows
 o - +0 steam dragon scales (worn)
 u - the +1 pair of gloves of Least Resistance (worn) {rF+ Regen+ Int+5}
   (You found it in a Gauntlet)

   Int:       It affects your intelligence (+5).
   rF:        It protects you from fire.
   Regen:     It increases your rate of health regeneration.
 D - a +1 kite shield of positive energy (worn)
 F - a +0 cloak (worn)
 J - a +0 hat of see invisible (worn)
 L - the +1 plate armour of Ekoxe {Dex+3}
   (You took it off a gnoll sergeant in a bailey)

   Dex:       It affects your dexterity (+3).
 N - a +0 crystal plate armour
Magical Staves
 g - a staff of conjuration
 E - a staff of fire (weapon)
 I - a staff of cold
Jewellery
 s - a ring of wizardry (left hand)
 v - a ring of flight
 w - a ring of protection from fire
 y - the amulet of the Four Winds (around neck) {rN+ Will+++ Clar}
   (You found it in a Gauntlet)

   [amulet of nothing]

   rN:        It protects you from negative energy.
   Clar:      It protects you against confusion.
   Will:      It greatly increases your willpower.
 B - a ring of magical power
 W - the ring "Degy" (right hand) {rF+ rC+ Will+ rCorr}
   (You found it in a Gauntlet)

   [ring of protection from cold]

   rF:        It protects you from fire.
   rC:        It protects you from cold.
   rCorr:     It protects you from acid and corrosion.
   Will:      It increases your willpower.
Wands
 q - a wand of iceblast (1)
Scrolls
 b - 6 scrolls of teleportation
 d - 3 scrolls of amnesia
 e - a scroll of magic mapping
 f - a scroll of brand weapon {unknown}
 n - a scroll of silence
 A - a scroll of torment {unknown}
 G - a scroll of blinking {unknown}
 O - 2 scrolls of enchant weapon {unknown}
 P - a scroll of fog {unknown}
 R - a scroll of holy word
 V - a scroll of vulnerability
Potions
 a - a potion of lignification
 h - 2 potions of flight
 i - 3 potions of mutation
 j - 4 potions of heal wounds
 k - a potion of haste
 l - 3 potions of attraction
 p - 2 potions of brilliance
 t - 6 potions of curing
 x - 2 potions of magic
 z - a potion of degeneration {unknown}
 H - 2 potions of cancellation {unknown}
Miscellaneous
 K - a tin of tremorstones (1/2)
 M - a condenser vane


   Skills:
 - Level 7.5 Fighting
 + Level 6.4 Staves
 - Level 4.1 Dodging
 - Level 8.0 Stealth
 - Level 5.2 Shields
 + Level 5.1 Spellcasting
 * Level 10.1 Conjurations
 * Level 9.2 Fire Magic
 + Level 7.8 Evocations


You had 4 spell levels left.
You knew the following spells:

 Your Spells              Type           Power      Damage    Failure   Level
a - Foxfire               Conj/Fire      100%       2x1d9     1%          1
b - Conjure Flame         Conj/Fire      70%        6-21      1%          3
c - Sticky Flame          Conj/Fire      70%        2d8       1%          4
d - Fireball              Conj/Fire      35%        3d15      1%          5
e - Magic Dart            Conj           100%       1d8       1%          1
f - Ignite Poison         Fire/Tmut/Pois 32%        N/A       1%          3

Your spell library contained the following spells:

 Spells                   Type           Power      Damage    Failure   Level
 Fulminant Prism          Conj/Hex       15%        3d11      2%          4
 Inner Flame              Hex/Fire       44%        N/A       1%          3
 Stone Arrow              Conj/Erth      62%        3d10      1%          3
 Iskenderun's Mystic Bla  Conj/Tloc      31%        2d8       2%          4
 Poisonous Vapours        Pois/Air       12%        N/A       3%          2
 Sting                    Tmut/Pois      24%        1d4       8%          1
 Slow                     Hex            6%         N/A       11%         2
 Olgreb's Toxic Radiance  Pois           6%         N/A       19%         4
 Call Canine Familiar     Summ           6%         N/A       21%         3
 Confusing Touch          Hex            6%         N/A       21%         3
 Lesser Beckoning         Tloc           3%         N/A       21%         3
 Portal Projectile        Hex/Tloc       12%        N/A       21%         3
 Tukima's Dance           Hex            6%         N/A       21%         3
 Animate Armour           Summ/Erth      12%        N/A       54%         4
 Cause Fear               Hex            3%         N/A       54%         4
 Leda's Liquefaction      Hex/Erth       3%         N/A       54%         4
 Passage of Golubria      Tloc           N/A        N/A       54%         4
 Summon Ice Beast         Ice/Summ       6%         N/A       54%         4
 Lee's Rapid Deconstruct  Erth           3%         3d6*      41%         5
 Yara's Violent Unravell  Hex/Tmut       3%         3d4       41%         5
 Summon Forest            Summ/Tloc      3%         N/A       86%         5
 Summon Mana Viper        Hex/Summ       6%         N/A       86%         5
 Eringya's Noxious Bog    Tmut/Pois      3%         N/A       89%         6
 Monstrous Menagerie      Summ           3%         N/A       100%        7
 Summon Hydra             Summ           3%         N/A       100%        7
 Discord                  Hex            3%         N/A       100%        8
 Lehudib's Crystal Spear  Conj/Erth      15%        10d5      100%        8


Dungeon Overview and Level Annotations

Branches:
Dungeon (12/15)            Temple (0/1) D:6          Bailey (visited)
Gauntlet (visited)
   Lair: D:8-11         Orc: D:9-12

Altars:
Cheibriados
Dithmenos
Elyvilon
Ru
Trog
Uskayaw
Vehumet
The Shining One

Shops:
D:6 (

Annotations:
D:7 3 runed translucent doors, flyleaff's ghost, novice DrCj


Innate Abilities, Weirdness & Mutations

Your serpentine skin is tough. (AC +4)
You have supernaturally acute eyesight. (SInv)
Armour fits poorly on your strangely shaped body.
Your system is resistant to poisons. (rPois)
You cover ground very slowly.
You can exhale a cloud of poison.
You have a snake-like lower body.
You passively map a small area around you.
You are weak. (Str -2)


Message History

Unknown command.
Unknown command.
Casting: Sticky Flame (safe; 1% risk of failure)
Confirm with . or Enter, or press ? or * to list all spells.
You don't have enough magic to cast this spell.
Unknown command.
Unknown command.
Unknown command.
You hit the vampire mosquito but do no damage.
You burn the vampire mosquito!
You destroy the vampire mosquito!
Vehumet accepts your kill.
Unknown command.
Okay, then.
Okay, then.
Okay, then.
Casting: Sticky Flame (safe; 1% risk of failure)
Confirm with . or Enter, or press ? or * to list all spells.
Okay, then.
A cyclops comes into view.
Casting: Sticky Flame (safe; 1% risk of failure)
Confirm with . or Enter, or press ? or * to list all spells.
Aiming: Sticky Flame (safe; 1% risk of failure)
Press: ? - help, Shift-Dir - straight line, f - two-headed ogre
Aim: a two-headed ogre, wielding a +0 giant club and a +0 giant spiked club (moderately wounded, 100% to hit)
You feel a surge of power!
The sticky flame hits the two-headed ogre!
The two-headed ogre is heavily wounded.
The two-headed ogre is covered in liquid flames!
The two-headed ogre burns!
The two-headed ogre barely misses you.
The two-headed ogre hits you with a +0 giant spiked club!
Unknown command.
The two-headed ogre burns! x2
The two-headed ogre burns!
The cyclops throws a large rock.
The large rock hits you!!!
* * * LOW HITPOINT WARNING * * *
There is a stone staircase leading down, spattered with blood here.
The two-headed ogre burns! x2; The cyclops throws a large rock.
The large rock hits you!!
You die...

..............#......#
.....#.#.#.#.#.#.#.#.#
(....................#
.........####......###
########## #......# .#****
###.#### ...,,* #.##
####+### #..# #......#
#####@### #......#
#.....O.###### #..(...#
#..........†.## #......#
**#.......####..##
+..>...#*#................#
#......+,..#.....#C#.#.#..#
#......#*#*#....##'######.#
##'##### ####.,#$.,,,*..#
#.# #.*#$#***##(#


You could see a two-headed ogre (burning) and a cyclops.

Vanquished Creatures
  Gastronok (D:9)
  A minotaur (Gauntlet)
  A death knight (D:11)
  4 two-headed ogres
  3 ugly things
  A deep elf pyromancer (D:9)
  2 manticores
  3 cyclopes (D:12)
  Joseph (D:8)
  3 kobold demonologists (D:10)
  2 unseen horrors (D:12)
  6 trolls (D:12)
  A wolf spider simulacrum (Gauntlet)
  Prince Ribbit (D:9)
  Grinder (D:5)
  A slime creature (D:9)
  3 centaur simulacra (Gauntlet)
  Sigmund (D:2)
  A shadow (D:12)
  A ynoxinul (Gauntlet)
  2 vampires
  A water elemental (D:12)
  2 wraiths
  3 wyverns
  5 vampire mosquitoes (D:12)
  A steam dragon (D:9)
  An acid dragon (D:12)
  3 water moccasins
  A hydra simulacrum (Gauntlet)
  2 orc warriors
  3 sky beasts
  3 ice beasts
  2 black bears
  3 ogres
  2 kobold brigands
  A phantom (D:5)
  A wyvern zombie (D:8)
  2 scorpions
  9 gnoll sergeants
  2 water moccasin skeletons
  3 electric eels (D:12)
  5 howler monkeys
  2 bullfrog zombies
  4 centaur zombies
  6 hounds
  A jelly (D:4)
  8 orc priests
  5 gnoll shamans (Bailey)
  A bullfrog skeleton (D:4)
  3 centaur skeletons
  3 iguanas
  6 orc wizards
  2 killer bee zombies
  A hound zombie (D:5)
  A howler monkey zombie (D:10)
  Robin (D:4)
  14 adders
  18 gnolls
  2 shadow imps (Gauntlet)
  4 white imps
  An ufetubus (D:5)
  An adder skeleton (D:4)
  4 dart slugs
  30 orcs
  6 endoplasms
  13 giant cockroaches
  16 goblins
  8 hobgoblins
  4 quokkas
  7 ball pythons
  4 bats
  7 frilled lizards
  17 kobolds
  5 rats
300 creatures vanquished.

Vanquished Creatures (collateral kills)
  A cyclops (D:12)
  2 gnoll sergeants
  A gnoll shaman (Bailey)
  2 gnolls (D:12)
  A foxfire (D:4)
7 creatures vanquished.

Vanquished Creatures (others)
  A warg (D:11)
  A gnoll (Bailey)
  933 foxfires
  2 fungi (D:4)
  11 plants
  14 withered plants (Gauntlet)
962 creatures vanquished.

Grand Total: 1269 creatures vanquished

Notes
Turn   | Place    | Note
-------+----------+-------------------------------------------
     0 | D:1      | runemasterragnar the Naga Fire Elementalist began the quest
                  | for the Orb.
     0 | D:1      | Reached XP level 1. HP: 15/15 MP: 3/3
   351 | D:1      | Reached XP level 2. HP: 22/22 MP: 1/5
   570 | D:1      | Found a faded altar of an unknown god.
  1178 | D:1      | Reached XP level 3. HP: 28/28 MP: 3/6
  1821 | D:2      | Reached skill level 2 in Conjurations
  1958 | D:2      | Reached XP level 4. HP: 34/36 MP: 2/7
  2058 | D:2      | Learned a level 3 spell: Conjure Flame
  2214 | D:2      | Noticed Sigmund
  2227 | D:2      | Killed Sigmund
  2228 | D:2      | Reached skill level 3 in Conjurations
  2228 | D:2      | Reached XP level 5. HP: 13/42 MP: 1/9
  2228 | D:2      | Reached XP level 6. HP: 15/49 MP: 1/10
  2237 | D:2      | Learned a level 4 spell: Sticky Flame
  2970 | D:3      | Found a radiant altar of Vehumet.
  3045 | D:3      | Became a worshipper of Vehumet
  3141 | D:3      | Found a snail-covered altar of Cheibriados.
  3556 | D:4      | Found a hide-covered altar of Uskayaw.
  3569 | D:4      | Noticed Robin
  3581 | D:4      | Killed Robin
  3582 | D:4      | Reached skill level 5 in Stealth
  3582 | D:4      | Reached XP level 7. HP: 33/55 MP: 3/11
  3752 | D:4      | Reached skill level 4 in Conjurations
  4485 | D:4      | Reached * piety under Vehumet
  4485 | D:4      | Offered knowledge of Magic Dart by Vehumet.
  4486 | D:4      | Reached skill level 5 in Fire Magic
  4970 | D:5      | Entered Level 5 of the Dungeon
  5032 | D:5      | Learned a level 5 spell: Fireball
  5173 | D:5      | Reached XP level 8. HP: 48/62 MP: 9/13
  5249 | D:5      | Noticed Grinder
  5258 | D:5      | Paralysed by Grinder for 7 turns
  5260 | D:5      | Killed Grinder
  5261 | D:5      | Reached skill level 5 in Conjurations
  5462 | D:5      | Found a shadowy altar of Dithmenos.
  5488 | D:5      | Learned a level 1 spell: Magic Dart
  6251 | D:5      | Found a bloodstained altar of Trog.
  6466 | D:5      | Noticed a two-headed ogre
  6483 | D:5      | Killed a two-headed ogre
  6484 | D:5      | Reached skill level 6 in Conjurations
  6484 | D:5      | Reached XP level 9. HP: 57/68 MP: 10/15
  6684 | D:5      | Reached ** piety under Vehumet
  6684 | D:5      | Offered knowledge of Shock by Vehumet.
  7113 | D:6      | Found a staircase to the Ecumenical Temple.
  7437 | D:6      | Found Ucvaq's Antique Weapon Emporium.
  7701 | D:6      | Reached skill level 1 in Fighting
  7701 | D:6      | Reached skill level 1 in Staves
  7701 | D:6      | Reached skill level 1 in Evocations
  8108 | D:7      | Found a runed translucent gate.
  8108 | D:7      | Found a runed translucent gate.
  8110 | D:7      | Found a runed translucent gate.
  8114 | D:7      | Noticed flyleaff's ghost (novice DrCj)
  8542 | D:7      | Found a white marble altar of Elyvilon.
  8558 | D:7      | Found a sacrificial altar of Ru.
  8747 | D:7      | Reached XP level 10. HP: 73/81 MP: 14/17
  9455 | D:8      | Reached skill level 7 in Conjurations
 10035 | D:8      | Noticed Joseph
 10620 | D:8      | Killed Joseph
 10620 | D:8      | Offered knowledge of Ignite Poison by Vehumet.
 10797 | D:9      | Noticed a manticore
 10805 | D:9      | Killed a manticore
 10806 | D:9      | Reached skill level 1 in Shields
 10806 | D:9      | Noticed a centaur warrior
 10823 | D:8      | Gained mutation: You expend magic power (3 MP) to
                  | strengthen your wands. [potion of mutation]
 10823 | D:8      | Gained mutation: You tend to lose your temper in combat.
                  | [potion of mutation]
 10823 | D:8      | Gained mutation: You can exhale a cloud of poison. [potion
                  | of mutation]
 10824 | D:8      | Lost mutation: You expend magic power (3 MP) to strengthen
                  | your wands. [potion of mutation]
 10824 | D:8      | Lost mutation: You tend to lose your temper in combat.
                  | [potion of mutation]
 10824 | D:8      | Gained mutation: You are weak. (Str -2) [potion of
                  | mutation]
 10824 | D:8      | Gained mutation: You passively map a small area around you.
                  | [potion of mutation]
 11065 | D:9      | Learned a level 3 spell: Ignite Poison
 11168 | D:9      | Noticed a brown ugly thing
 11313 | D:9      | Noticed Prince Ribbit
 11320 | D:9      | Killed Prince Ribbit
 11533 | D:9      | Noticed Gastronok
 11545 | D:9      | Killed Gastronok
 11546 | D:9      | Reached skill level 5 in Fighting
 11546 | D:9      | Reached skill level 8 in Conjurations
 11546 | D:9      | Reached XP level 11. HP: 42/94 MP: 2/18
 11794 | D:9      | Reached skill level 5 in Evocations
 11978 | D:9      | Reached skill level 5 in Staves
 12095 | D:9      | Noticed a deep elf pyromancer
 12109 | D:9      | Noticed a brown ugly thing
 12115 | D:9      | Killed a deep elf pyromancer
 12116 | D:9      | Killed a red ugly thing
 12123 | D:9      | Killed a brown ugly thing
 12255 | D:9      | Noticed a two-headed ogre
 12259 | D:9      | Killed a two-headed ogre
 12523 | D:10     | Entered Level 10 of the Dungeon
 12544 | D:10     | Found a flagged portal.
 12553 | Bailey   | Entered a bailey
 12631 | Bailey   | Reached *** piety under Vehumet
 13023 | Bailey   | Identified the +1 plate armour of Ekoxe {Dex+3}
 13048 | Bailey   | Offered knowledge of Stone Arrow by Vehumet.
 13349 | Bailey   | Identified the +2 robe of Optimism {rC- rCorr Str+8}
 13612 | D:10     | Noticed a two-headed ogre
 13616 | D:10     | Killed a two-headed ogre
 13617 | D:10     | Reached skill level 5 in Shields
 14526 | D:10     | Found a glowing golden altar of the Shining One.
 14683 | D:11     | Noticed a death knight
 14826 | D:11     | Reached XP level 12. HP: 97/105 MP: 16/19
 14841 | D:11     | Killed a death knight
 14842 | D:11     | Reached skill level 9 in Conjurations
 14879 | D:12     | Noticed a two-headed ogre
 14888 | D:12     | Killed a two-headed ogre
 14888 | D:12     | Reached **** piety under Vehumet
 15183 | D:12     | Found a gate leading to a gauntlet.
 15192 | Gauntlet | Entered a Gauntlet
 15192 | Gauntlet | Found a transporter.
 15192 | Gauntlet | Found a transporter.
 15193 | Gauntlet | Noticed a death scarab
 15195 | Gauntlet | Found a transporter.
 15197 | Gauntlet | Found a transporter.
 15197 | Gauntlet | Found a transporter.
 15232 | Gauntlet | Found a transporter.
 15239 | Gauntlet | Found the amulet of the Four Winds {rN+ Will+++ Clar}
 15239 | Gauntlet | Found a transporter.
 15247 | Gauntlet | Noticed a soul eater
 15355 | Gauntlet | Found a transporter.
 15358 | Gauntlet | Found a transporter.
 15358 | Gauntlet | Found a transporter.
 15361 | Gauntlet | Noticed an iron troll
 15367 | Gauntlet | Found a transporter.
 15377 | Gauntlet | Noticed an alligator snapping turtle
 15377 | Gauntlet | an iron troll changed into an alligator snapping turtle
 15378 | Gauntlet | Found a runed translucent door.
 15378 | Gauntlet | Noticed a dire elephant
 15378 | Gauntlet | an alligator snapping turtle changed into a dire elephant
 15379 | Gauntlet | Noticed a frost giant
 15379 | Gauntlet | a dire elephant changed into a frost giant
 15380 | Gauntlet | Found a runed translucent door.
 15384 | Gauntlet | Noticed a minotaur
 15384 | Gauntlet | Noticed a catoblepas
 15384 | Gauntlet | a minotaur changed into a catoblepas
 15385 | Gauntlet | Noticed a death yak
 15385 | Gauntlet | a catoblepas changed into a death yak
 15385 | Gauntlet | Noticed a catoblepas
 15385 | Gauntlet | a death yak changed into a catoblepas
 15386 | Gauntlet | Noticed a storm dragon
 15386 | Gauntlet | a catoblepas changed into a storm dragon
 15387 | Gauntlet | Noticed an azure jelly
 15387 | Gauntlet | a storm dragon changed into an azure jelly
 15395 | Gauntlet | Noticed an alligator snapping turtle
 15395 | Gauntlet | an azure jelly changed into an alligator snapping turtle
 15395 | Gauntlet | Noticed a shadow dragon
 15395 | Gauntlet | an alligator snapping turtle changed into a shadow dragon
 15398 | Gauntlet | Noticed a fire giant
 15398 | Gauntlet | a shadow dragon changed into a fire giant
 15406 | Gauntlet | Noticed a quicksilver dragon
 15406 | Gauntlet | a fire giant changed into a quicksilver dragon
 15407 | Gauntlet | Noticed a sphinx
 15407 | Gauntlet | a quicksilver dragon changed into a sphinx
 15408 | Gauntlet | Noticed a fire giant
 15408 | Gauntlet | a sphinx changed into a fire giant
 15410 | Gauntlet | Noticed an azure jelly
 15410 | Gauntlet | a fire giant changed into an azure jelly
 15413 | Gauntlet | Noticed a fenstrider witch
 15413 | Gauntlet | an azure jelly changed into a fenstrider witch
 15415 | Gauntlet | Noticed an alligator snapping turtle
 15415 | Gauntlet | a fenstrider witch changed into an alligator snapping
                  | turtle
 15420 | Gauntlet | Noticed a fenstrider witch
 15420 | Gauntlet | an alligator snapping turtle changed into a fenstrider
                  | witch
 15421 | Gauntlet | Noticed a dire elephant
 15421 | Gauntlet | a fenstrider witch changed into a dire elephant
 15423 | Gauntlet | Noticed a death yak
 15423 | Gauntlet | a dire elephant changed into a death yak
 15425 | Gauntlet | Noticed a quicksilver dragon
 15425 | Gauntlet | a death yak changed into a quicksilver dragon
 15427 | Gauntlet | Noticed an eleionoma
 15427 | Gauntlet | a quicksilver dragon changed into an eleionoma
 15429 | Gauntlet | Noticed an alligator snapping turtle
 15429 | Gauntlet | an eleionoma changed into an alligator snapping turtle
 15435 | Gauntlet | Noticed a fire giant
 15435 | Gauntlet | an alligator snapping turtle changed into a fire giant
 15438 | Gauntlet | Noticed an alligator snapping turtle
 15438 | Gauntlet | a fire giant changed into an alligator snapping turtle
 15439 | Gauntlet | Noticed a shadow dragon
 15439 | Gauntlet | an alligator snapping turtle changed into a shadow dragon
 15447 | Gauntlet | Noticed an alligator snapping turtle
 15447 | Gauntlet | a shadow dragon changed into an alligator snapping turtle
 15449 | Gauntlet | Noticed a minotaur
 15449 | Gauntlet | an alligator snapping turtle changed into a minotaur
 15450 | Gauntlet | Noticed a storm dragon
 15450 | Gauntlet | a minotaur changed into a storm dragon
 15452 | Gauntlet | Noticed a dire elephant
 15452 | Gauntlet | a storm dragon changed into a dire elephant
 15454 | Gauntlet | Noticed a death yak
 15454 | Gauntlet | a dire elephant changed into a death yak
 15457 | Gauntlet | Noticed a catoblepas
 15457 | Gauntlet | a death yak changed into a catoblepas
 15460 | Gauntlet | Noticed a minotaur
 15460 | Gauntlet | a catoblepas changed into a minotaur
 15461 | Gauntlet | Noticed a death yak
 15461 | Gauntlet | a minotaur changed into a death yak
 15465 | Gauntlet | Noticed a quicksilver ooze
 15465 | Gauntlet | a death yak changed into a quicksilver ooze
 15470 | Gauntlet | Noticed an alligator
 15470 | Gauntlet | a quicksilver ooze changed into an alligator
 15472 | Gauntlet | an alligator changed into a goliath frog
 15475 | Gauntlet | Noticed an entropy weaver
 15475 | Gauntlet | a goliath frog changed into an entropy weaver
 15476 | Gauntlet | Noticed an ice dragon
 15476 | Gauntlet | an entropy weaver changed into an ice dragon
 15477 | Gauntlet | Noticed a seven-headed hydra
 15477 | Gauntlet | an ice dragon changed into a seven-headed hydra
 15481 | Gauntlet | Noticed a spark wasp
 15481 | Gauntlet | a seven-headed hydra changed into a spark wasp
 15484 | Gauntlet | Noticed a satyr
 15484 | Gauntlet | a spark wasp changed into a satyr
 15485 | Gauntlet | Noticed an anaconda
 15485 | Gauntlet | a satyr changed into an anaconda
 15485 | Gauntlet | Found a transporter.
 15492 | Gauntlet | an anaconda changed into a snapping turtle
 15493 | Gauntlet | Noticed a two-headed ogre
 15493 | Gauntlet | a snapping turtle changed into a two-headed ogre
 15495 | Gauntlet | Offered knowledge of Fulminant Prism by Vehumet.
 15496 | Gauntlet | a two-headed ogre changed into a glowing shapeshifter
 15503 | Gauntlet | Noticed an anaconda
 15503 | Gauntlet | a swamp worm changed into an anaconda
 15512 | Gauntlet | an anaconda changed into a wolf spider
 15533 | Gauntlet | Noticed an entropy weaver
 15533 | Gauntlet | a tyrant leech changed into an entropy weaver
 15539 | Gauntlet | Identified the +1 pair of gloves of Least Resistance {rF+
                  | Regen+ Int+5}
 15539 | Gauntlet | Noticed a bunyip
 15539 | Gauntlet | Noticed a quicksilver ooze
 15539 | Gauntlet | a bunyip changed into a quicksilver ooze
 15543 | Gauntlet | Noticed a spark wasp
 15543 | Gauntlet | a quicksilver ooze changed into a spark wasp
 15545 | Gauntlet | Noticed a minotaur
 15545 | Gauntlet | a spark wasp changed into a minotaur
 15547 | Gauntlet | Noticed a seven-headed hydra
 15547 | Gauntlet | a minotaur changed into a seven-headed hydra
 15553 | Gauntlet | Noticed an alligator snapping turtle
 15553 | Gauntlet | a seven-headed hydra changed into an alligator snapping
                  | turtle
 15557 | Gauntlet | Found a transporter.
 15562 | Gauntlet | Noticed a frost giant
 15562 | Gauntlet | an alligator snapping turtle changed into a frost giant
 15563 | Gauntlet | Noticed an iron troll
 15563 | Gauntlet | a frost giant changed into an iron troll
 15564 | Gauntlet | Noticed an eleionoma
 15564 | Gauntlet | an iron troll changed into an eleionoma
 15565 | Gauntlet | Noticed a sphinx
 15565 | Gauntlet | an eleionoma changed into a sphinx
 15584 | Gauntlet | Noticed an azure jelly
 15586 | Gauntlet | Noticed an alligator snapping turtle
 15586 | Gauntlet | an azure jelly changed into an alligator snapping turtle
 15592 | Gauntlet | Noticed a stone giant
 15592 | Gauntlet | an alligator snapping turtle changed into a stone giant
 15597 | Gauntlet | Noticed a quicksilver dragon
 15597 | Gauntlet | a stone giant changed into a quicksilver dragon
 15600 | Gauntlet | Noticed a stone giant
 15600 | Gauntlet | a quicksilver dragon changed into a stone giant
 15602 | Gauntlet | Noticed a fire giant
 15602 | Gauntlet | a stone giant changed into a fire giant
 15606 | Gauntlet | Noticed a stone giant
 15606 | Gauntlet | a fire giant changed into a stone giant
 15724 | Gauntlet | Noticed a minotaur
 15747 | Gauntlet | Killed a minotaur
 15762 | Gauntlet | Identified the ring "Degy" {rF+ rC+ Will+ rCorr}
 15763 | Gauntlet | Got Foaf's Compendium of the Torrid Compass
 16627 | D:12     | Reached skill level 5 in Spellcasting
 16627 | D:12     | Reached skill level 10 in Conjurations
 16639 | D:12     | Noticed a two-headed ogre
 16663 | D:12     | Hit by a large rock thrown by a cyclops

Illustrated notes

Levels and vault maps discovered:
D:1:      dpeg_arrival_orchard, layout_basic,
          dreamdust_ecumenical_altar_hidden_monk_grotto, roderic_roman_lattice,
          glass_columns_a, hangedman_decor_points, minmay_lizard_pond
D:2:      minmay_roachtagon, layout_rooms, uniq_sigmund
D:3:      layout_rooms, mainiacjoe_overflow_catch_the_wave,
          chequers_serial_rivers_large_a
D:4:      layout_basic, mainiacjoe_overflow_boulevard, lemuel_another_geyser,
          uniq_robin
D:5:      cheibrodos_barr_body, layout_cave_pools, lemuel_doored_altar,
          trog_three_pillars_becter, minmay_joined_circles, uniq_grinder
D:6:      minmay_angry_zag, layout_cave_pools, minmay_temple_entry_statues,
          serial_shops, shop, minmay_hedge_maze
D:7:      layout_cave_pods, minitemple, gammafunk_ghost_necromancy
D:8:      layout_cave_pools, grunt_ministairs_6, uniq_joseph
D:9:      minmay_bloctagon_deflated, layout_loops_cross, uniq_prince_ribbit1,
          uniq_gastronok
D:10:     layout_irregular_city, nicolae_tso_swordbearing_angel, enter_bailey_2
D:11:     layout_long_grid, erik_lair_orcish_takeover, orc_0_dummy,
          cheibrodos_ashenzari_chains
D:12:     layout_roguey, gauntlet_entry_generic, grunt_decor_arrowhead,
          chequers_big_river, hangedman_decor_riveting, minmay_variable_closet,
          onia_ninara_cookie

Skill      XL: |  1  2  3  4  5  6  7  8  9 10 11 12 |
---------------+-------------------------------------+-----
Conjurations   | 2 3 4 6 8 10 | 10.1
Dodging        | 2 3 4 |  4.1
Stealth        | 4 5 7 8 |  8.0
Fire Magic     | 4 5 6 7 9 |  9.2
Spellcasting   | 3 4 5 |  5.1
Fighting       | 2 5 6 7 |  7.5
Staves         | 2 4 6 |  6.4
Evocations     | 2 4 6 7 |  7.8
Shields        | 3 5 |  5.2

Action                   |  1- 3 |  4- 6 |  7- 9 | 10-12 || total
-------------------------+-------+-------+-------+-------++-------
Melee: Unarmed           |    24 |       |       |       ||    24
       Staff             |    19 |    25 |   136 |   126 ||   306
 Cast: Foxfire           |    64 |    60 |   139 |   298 ||   561
       Sticky Flame      |       |     1 |    11 |    64 ||    76
       Conjure Flame     |       |     1 |       |     1 ||     2
       Magic Dart        |       |       |    17 |    13 ||    30
       Ignite Poison     |       |       |       |    13 ||    13
       Fireball          |       |       |       |     7 ||     7
 Abil: Spit Poison       |     3 |     2 |     5 |     2 ||    12
       Breathe Poison Ga |       |       |       |    26 ||    26
Evoke: Wand              |       |       |       |    23 ||    23
       Tin of tremorston |       |       |       |     2 ||     2
       Condenser vane    |       |       |       |     1 ||     1
  Use: Scroll            |       |       |     3 |    13 ||    16
       Potion            |       |       |       |     5 ||     5
 Stab: Distracted        |     1 |       |       |       ||     1
       Sleeping          |       |     1 |     1 |       ||     2
       Paralysed         |       |       |       |     4 ||     4
Armor: Robe              |    12 |     8 |    75 |    23 ||   118
       Steam dragon scal |       |       |       |    38 ||    38
       Skin              |       |       |       |    21 ||    21
Dodge: Dodged            |    40 |    25 |   127 |   136 ||   328
Block: Kite shield       |       |       |       |   145 ||   145

Table legend: (Time is in decaauts)
 A = Elapsed time spent in this place.
 B = Non-inter-level travel time spent in this place.
 C = Inter-level travel time spent in this place.
 D = Time resting spent in this place.
 E = Time spent auto-exploring this place.
 F = Levels seen in this place.
 G = Mean time per level.
                   A        B        C        D        E       F      G
               +--------+--------+--------+--------+--------+-----+--------+
         Total |  19724 |  19363 |    361 |   1981 |  13774 |  14 | 1408.9 |
       Dungeon |  17852 |  17491 |    361 |   1586 |  13235 |  12 | 1487.7 |
        Bailey |   1208 |   1208 |      0 |    236 |    504 |   1 | 1208.0 |
      Gauntlet |    663 |    663 |      0 |    159 |     33 |   1 |  663.0 |
               +--------+--------+--------+--------+--------+-----+--------+

Top non-repeatable levels by time:
     D:1: 2022 daAuts
     D:5: 1958 daAuts
     D:7: 1932 daAuts
     D:9: 1802 daAuts
     D:4: 1792 daAuts
     D:8: 1613 daAuts
     D:6: 1528 daAuts
    D:12: 1439 daAuts
    D:10: 1236 daAuts
  Bailey: 1208 daAuts
     D:2: 1109 daAuts
     D:3: 1067 daAuts
Gauntlet: 663 daAuts
    D:11: 350 daAuts
